 Dungeon Crawl Stone Soup version 0.18.1-50-g88ac8fd (webtiles) character file.

28 Flanowski the Covered (level 3, -4/24 HPs)
             Began as a Gargoyle Fighter on Sept 17, 2016.
             Slain by a gnoll
             ... wielding a +2 halberd of chopping
              (6 damage)
             ... on level 2 of the Dungeon.
             The game lasted 00:00:58 (513 turns).

Flanowski the Covered (Gargoyle Fighter)             Turns: 513, Time: 00:00:58

Health: -4/24      AC: 10    Str: 19    XL:     3   Next: 14%
Magic:  3/3        EV:  7    Int:  8    God:
Gold:   50         SH:  9    Dex: 10    Spells: 0 memorised, 2 levels left

rFire  . . .     SeeInvis .     a - +0 flail
rCold  . . .     Gourm    .     b - +0 scale mail
rNeg   + . .     Faith    .     c - +0 shield
rPois  ∞         Spirit   .     (no helmet)
rElec  +         Dismiss  .     (no cloak)
rCorr  .         Reflect  .     (no gloves)
SustAt .         Harm     .     (no boots)
MR     .....                    (no amulet)
Stlth  ..........               (no ring)
                                (no ring)

@: not resistant to hostile enchantments, extremely unstealthy
A: negative energy resistance 1, electricity resistance, unbreathing,
petrification resistance, rot immunity, AC +3
a: no special abilities


You were on level 2 of the Dungeon.
You were not hungry.

You visited 1 branch of the dungeon, and saw 2 of its levels.

You collected 50 gold pieces.

Inventory:

Hand Weapons
 a - a +0 flail (weapon)
Armour
 b - a +0 scale mail (worn)
 c - a +0 shield (worn)
Scrolls
 e - a scroll of enchant weapon {unknown}
 k - a scroll of immolation {unknown}
 l - a scroll of teleportation {unknown}
Potions
 d - a potion of might
 g - a potion of curing {unknown}
 i - a potion of invisibility {unknown}
 j - a potion of brilliance {unknown}
Comestibles
 f - a bread ration
 h - a chunk of flesh
 m - a meat ration


   Skills:
 + Level 3.7 Fighting
 + Level 2.2 Maces & Flails
 + Level 3.7 Armour
 + Level 0.1 Dodging
 + Level 3.6 Shields


You had 2 spell levels left.
You didn't know any spells.

Dungeon Overview and Level Annotations

Branches:
Dungeon (2/15)

Altars:


Innate Abilities, Weirdness & Mutations

You are resistant to torment.
Your stone body is resilient (AC +3).
You are immune to poison.
You resist negative energy.
You are resistant to electric shocks.
You can survive without breathing.
You are immune to petrification.
You are immune to rotting.


Message History

The kobold hits you but does no damage.
You closely miss the kobold. You block the adder's attack.
The gnoll hits you with a flail. The gnoll barely misses you.
You block the kobold's attack. The adder bites you but does no damage.
You barely miss the kobold. The gnoll hits you with a flail.
You block the kobold's attack. You block the gnoll's attack.
The adder barely misses you. The kobold hits you but does no damage.
The gnoll barely misses you. The adder bites you but does no damage.
You closely miss the kobold. You block the gnoll's attack.
You block the adder's attack. The kobold hits you. The gnoll barely misses you.
You block the gnoll's attack.
You hit the kobold.
The kobold is moderately wounded.
You block the adder's attack. You block the kobold's attack.
The adder bites you.
* * * LOW HITPOINT WARNING * * *
The gnoll hits you with a flail.
* * * LOW HITPOINT WARNING * * *
The gnoll hits you from afar with a halberd of chopping.
You die...

#........####### #
#####.#### . #.## # #.
#..# ## #. ##.### ##.
#.###.### #.#.## ##..
......%.#####....####...
.....ggS............'...
..##.#@#.........###...
#K#.###.#.#.# ##.. #l#.#
#.###.# ##. #.#.# #.#
#.# ## #.#.# #.# #.# #
#.#.###.###.#
..#.........#
#######.##### # #.# ##


You could see 2 gnolls, an adder, a giant gecko and a kobold.

Vanquished Creatures
  A gnoll (D:2)
  A worm (D:2)
  A dart slug (D:1)
  4 bats (D:1)
  2 goblins (D:1)
  A hobgoblin (D:2)
  A kobold (D:1)
  A ball python (D:1)
  A giant newt (D:1)
  2 rats (D:1)
15 creatures vanquished.

Notes
Turn   | Place    | Note
--------------------------------------------------------------
     0 | D:1      | Flanowski the Gargoyle Fighter began the quest for the Orb.
     0 | D:1      | Reached XP level 1. HP: 14/14 MP: 1/1
   180 | D:1      | Reached XP level 2. HP: 16/19 MP: 2/2
   334 | D:1      | You fall through a shaft!
   493 | D:2      | Reached XP level 3. HP: 17/24 MP: 3/3
   513 | D:2      | Slain by a gnoll

Action                   || total
-------------------------++-------
Melee: Flail             ||    58
Armor: Scale mail        ||    34
Dodge: Dodged            ||    29
Block: Shield            ||    43
